 Dungeon Crawl Stone Soup version 0.21-a0-552-g593960d (webtiles) character file.

163 tidbits the Twirler (level 5, -1/37 HPs)
             Began as a Gnoll Wanderer on Dec 17, 2017.
             Slain by a hornet zombie (7 damage)
             ... on level 6 of the Dungeon.
             The game lasted 00:04:27 (482 turns).

tidbits the Twirler (Gnoll Wanderer)                 Turns: 482, Time: 00:04:28

Health: -1/37      AC:  2    Str: 15    XL:     5   Next: 44%
Magic:  9/9        EV: 13    Int: 13    God:
Gold:   57         SH:  0    Dex: 16    Spells: 9/10 levels left

rFire    . . .     SeeInvis .   a - +0 short sword (elec)
rCold    . . .     Gourm    .   (no shield)
rNeg     . . .     Faith    .   d - +0 robe
rPois    .         Spirit   .   (no helmet)
rElec    .         Reflect  .   (no cloak)
rCorr    .         Harm     .   (no gloves)
MR       .....                  (no boots)
Stlth    ++........             o - amulet of regeneration
HPRegen  0.52/turn              (no ring)
MPRegen  0.11/turn              (no ring)

@: no status effects
A: distributed training, fangs 1, strong nose
a: no special abilities


You were on level 6 of the Dungeon.
You were not hungry.

You visited 1 branch of the dungeon, and saw 6 of its levels.

You collected 57 gold pieces.

Inventory:

Hand Weapons
 a - a +0 short sword of electrocution (weapon)
   (You found it on level 1 of the Dungeon)
 e - a +0 club
 n - a +0 hunting sling
Armour
 d - a +0 robe (worn)
Jewellery
 o - an amulet of regeneration (around neck)
   (You found it on level 2 of the Dungeon)
 q - an uncursed amulet of the gourmand {unknown}
   (You found it on level 5 of the Dungeon)
Wands
 c - a wand of random effects (11)
Scrolls
 j - a scroll of enchant armour {unknown}
 m - a scroll of fog {unknown}
 p - a scroll of remove curse {unknown}
Potions
 b - 2 potions of curing
 h - a potion of agility {unknown}
 k - a potion of lignification {unknown}
Books
 g - a book of Conjurations

   Spells                             Type                      Level
   a - Magic Dart                     Conjuration                  1
   b - Searing Ray                    Conjuration                  2
   c - Dazzling Spray                 Conjuration/Hexes            3
   d - Fulminant Prism                Conjuration/Hexes            4
   e - Force Lance                    Conjuration/Translocation    4
   f - Iskenderun's Mystic Blast      Conjuration                  4
Comestibles
 f - 2 bread rations
 i - a meat ration
 l - 2 royal jellies


   Skills:
 + Level 1.4 Fighting
 + Level 1.4 Short Blades
 + Level 1.4 Long Blades
 + Level 1.4 Axes
 + Level 1.4 Maces & Flails
 + Level 1.4 Polearms
 + Level 6.7 Staves
 + Level 1.4 Slings
 + Level 1.4 Bows
 + Level 1.4 Crossbows
 + Level 1.4 Throwing
 + Level 1.4 Armour
 + Level 3.0 Dodging
 + Level 2.7 Stealth
 + Level 3.0 Shields
 + Level 1.4 Unarmed Combat
 + Level 3.1 Spellcasting
 + Level 2.4 Conjurations
 + Level 1.1 Hexes
 + Level 2.4 Charms
 + Level 1.1 Summonings
 + Level 1.1 Necromancy
 + Level 1.1 Translocations
 + Level 1.1 Transmutations
 + Level 1.1 Fire Magic
 + Level 1.1 Ice Magic
 + Level 1.1 Air Magic
 + Level 1.1 Earth Magic
 + Level 1.1 Poison Magic
 + Level 1.6 Invocations
 + Level 3.0 Evocations


You had 9 spell levels left.
You knew the following spells:

 Your Spells              Type           Power        Failure   Level  Hunger
a - Magic Dart            Conj           #...         9%          1    #......


Dungeon Overview and Level Annotations

Branches:
Dungeon (6/15)
 Temple: D:4-7

Altars:
Okawaru


Innate Abilities, Weirdness & Mutations

Your experience applies equally to all skills.
You have very sharp teeth.
Your uncanny sense of smell can sniff out nearby items.


Message History

Your Poison Magic skill increases to level 1!
You have reached level 4!
You feel agile.
You have reached level 5!
You hit the hound but do no damage. Lightning courses through the hound!
The hound is severely wounded.
The hound barely misses you.
You barely miss the hound.
The hound is severely wounded.
The hound closely misses you. The hound bites you.
You hit the hound.
The hound is severely wounded.
The hound bites you but does no damage.
You hit the hound.
The hound is severely wounded.
The hound misses you. The hound closely misses you.
You hit the hound but do no damage.
The hound is severely wounded.
The hound bites you. x2
You closely miss the hound. You bite the hound.
The hound is almost dead.
The hound barely misses you.
You closely miss the hound.
The hound is almost dead.
The hound bites you but does no damage. The hound closely misses you.
You closely miss the hound.
The hound is almost dead.
The hound bites you.
You hit the hound.
You kill the hound!
Your Dodging skill increases to level 3!
Your Shields skill increases to level 3!
Your Evocations skill increases to level 3!
There is an open door here.
Things that are here:
a giant club; a hound corpse; an ogre corpse
Found 7 gold pieces.
Found 20 stones.
Found a stone staircase leading up.
Your magical contamination has completely faded away.
There is a stone staircase leading up here.
You climb upwards.
A giant cockroach comes into view.
Found a chain mail.
There is a stone staircase leading down here.
The helpless giant cockroach fails to defend itself.
You puncture the giant cockroach!
You kill the giant cockroach!
You climb downwards.
There is a stone staircase leading up here.
You now have 46 gold pieces (gained 7).
Found 17 arrows.
You open the door.
Found a tiny amethyst amulet.
There is an open door here.
q - a tiny amethyst amulet You open the door.
There is an open door here.
Found a bread ration.
f - 2 bread rations (gained 1)
Found an escape hatch in the floor.
Found 11 gold pieces.
You now have 57 gold pieces (gained 11).
There is an escape hatch in the floor here.
You slide downwards.
The hatch slams shut behind you.
Your amulet attunes itself to your body and you begin to regenerate more quickly.
You open the door.
Found 18 arrows.
A hornet zombie comes into view.
The hornet zombie hits you!
There is an open door here.
You hit the hornet zombie.
The hornet zombie is lightly damaged.
The hornet zombie misses you.
You hit the hornet zombie.
The hornet zombie is lightly damaged.
The hornet zombie hits you.
You hit the hornet zombie.
Lightning courses through the hornet zombie!
You punch the hornet zombie.
The hornet zombie is moderately damaged.
The hornet zombie closely misses you. x2
You hit the hornet zombie.
The hornet zombie is heavily damaged.
The hornet zombie barely misses you.
You hit the hornet zombie but do no damage.
You bite the hornet zombie, but do no damage.
The hornet zombie is heavily damaged.
The hornet zombie hits you.
You hit the hornet zombie.
The hornet zombie is heavily damaged.
The hornet zombie hits you.
* * * LOW HITPOINT WARNING * * *
The hornet zombie hits you!
* * * LOW HITPOINT WARNING * * *
You hit the hornet zombie.
Lightning courses through the hornet zombie!
You bite the hornet zombie, but do no damage.
The hornet zombie is severely damaged.
The hornet zombie hits you!
You die...

.........#####
###..........# #
#..........# .
#..........# .#
#..........#### .#
######........##.#
#........+.(#
#........#.###...
∆
#........@.......
∆
#........#Z######
#........#...
#..............
#########........
........ ........
........


You could see a hornet zombie.

Vanquished Creatures
  An ogre (D:5)
  A hound (D:5)
  2 adders
  A dart slug (D:2)
  A leopard gecko (D:2)
  A ball python (D:3)
  4 giant cockroaches
  A goblin (D:2)
  3 hobgoblins (D:1)
  2 bats
  5 rats
22 creatures vanquished.

Notes
Turn   | Place    | Note
-------+----------+-------------------------------------------
     0 | D:1      | tidbits the Gnoll Wanderer began the quest for the Orb.
     0 | D:1      | tidbits set off with: a book of Conjurations, a potion of curing, a wand of random effects (15), a +0 robe, a +0 club, a bread ration
     0 | D:1      | Reached XP level 1. HP: 13/13 MP: 4/4
     2 | D:1      | Learned a level 1 spell: Magic Dart
    73 | D:1      | Reached skill level 2 in Conjurations
    73 | D:1      | Reached skill level 2 in Charms
   132 | D:2      | Reached XP level 2. HP: 13/19 MP: 5/5
   191 | D:2      | Found an iron altar of Okawaru.
   262 | D:2      | Reached XP level 3. HP: 16/25 MP: 7/7
   337 | D:5      | Entered Level 5 of the Dungeon
   353 | D:5      | Reached skill level 1 in Invocations
   359 | D:5      | Noticed an ogre
   367 | D:5      | Killed an ogre
   367 | D:5      | Reached skill level 1 in Fighting
   367 | D:5      | Reached skill level 1 in Short Blades
   367 | D:5      | Reached skill level 1 in Long Blades
   367 | D:5      | Reached skill level 1 in Axes
   367 | D:5      | Reached skill level 1 in Maces & Flails
   367 | D:5      | Reached skill level 1 in Polearms
   367 | D:5      | Reached skill level 1 in Slings
   367 | D:5      | Reached skill level 1 in Bows
   367 | D:5      | Reached skill level 1 in Crossbows
   367 | D:5      | Reached skill level 1 in Throwing
   367 | D:5      | Reached skill level 1 in Armour
   367 | D:5      | Reached skill level 1 in Unarmed Combat
   367 | D:5      | Reached skill level 3 in Spellcasting
   367 | D:5      | Reached skill level 1 in Hexes
   367 | D:5      | Reached skill level 1 in Summonings
   367 | D:5      | Reached skill level 1 in Necromancy
   367 | D:5      | Reached skill level 1 in Translocations
   367 | D:5      | Reached skill level 1 in Transmutations
   367 | D:5      | Reached skill level 1 in Fire Magic
   367 | D:5      | Reached skill level 1 in Ice Magic
   367 | D:5      | Reached skill level 1 in Air Magic
   367 | D:5      | Reached skill level 1 in Earth Magic
   367 | D:5      | Reached skill level 1 in Poison Magic
   367 | D:5      | Reached XP level 4. HP: 27/32 MP: 1/8
   367 | D:5      | Reached XP level 5. HP: 31/37 MP: 1/9
   376 | D:5      | Reached skill level 3 in Dodging
   376 | D:5      | Reached skill level 3 in Shields
   376 | D:5      | Reached skill level 3 in Evocations
   482 | D:6      | Slain by a hornet zombie

Vault maps used:
D:1:      minmay_arrival_four_houses, grunt_decor_arrowhead
D:2:      okawaru_trees_2, uniq_jessica
D:3:      minmay_statues_item, nicolae_tso_carved_into_rock, uniq_robin,
          uniq_crazy_yiuf_cottage
D:4:      grunt_gozag_statues
D:5:      wad_pebble_path, cheibrodos_worm_habitat,
          minmay_temple_entry_from_below_b, first_bread
D:6:      fedhas_bush_and_centaur_altar, uniq_eustachio, uniq_pikel

Skill      XL: |  1  2  3  4  5 |
---------------+----------------+-----
Conjurations   | 2 |  2.4
Charms         | 2 |  2.4
Invocations    | 1 |  1.6
Fighting       | 1 |  1.4
Short Blades   | 1 |  1.4
Long Blades    | 1 |  1.4
Axes           | 1 |  1.4
Maces & Flails | 1 |  1.4
Polearms       | 1 |  1.4
Slings         | 1 |  1.4
Bows           | 1 |  1.4
Crossbows      | 1 |  1.4
Throwing       | 1 |  1.4
Armour         | 1 |  1.4
Unarmed Combat | 1 |  1.4
Spellcasting   | 3 |  3.1
Hexes          | 1 |  1.1
Summonings     | 1 |  1.1
Necromancy     | 1 |  1.1
Translocations | 1 |  1.1
Transmutations | 1 |  1.1
Fire Magic     | 1 |  1.1
Ice Magic      | 1 |  1.1
Air Magic      | 1 |  1.1
Earth Magic    | 1 |  1.1
Poison Magic   | 1 |  1.1
Dodging        | 3 |  3.0
Shields        | 3 |  3.0
Evocations     | 3 |  3.0
Staves         | |  6.7
Stealth        | |  2.7

Action                   |  1- 3 |  4- 6 || total
-------------------------+-------+-------++-------
Melee: Short sword       |    47 |    17 ||    64
       Bite              |     5 |     3 ||     8
       Punch             |       |     1 ||     1
 Cast: Magic Dart        |    16 |       ||    16
Evoke: Wand              |     4 |       ||     4
 Stab: Sleeping          |     3 |     1 ||     4
  Eat: Royal jelly       |     1 |       ||     1
Armor: Robe              |    11 |     2 ||    13
Dodge: Dodged            |    34 |    10 ||    44

Table legend:
 A = Spawn XP
 B = Non-spawn XP
 C = Spawn XP percentage of total XP
 D = Spawn monster count
 E = Non-spawn monster count
 F = Spawn count percentage of total count
 G = Total turns spent on level
                    A         B        C        D         E        F      G
               +---------+---------+-------+---------+---------+-------+---------
         Total |       0 |     233 |   0.0 |       0 |      22 |   0.0 |   482
               +---------+---------+-------+---------+---------+-------+---------
           D:1 |       0 |       8 |   0.0 |       0 |       5 |   0.0 |    86
           D:2 |       0 |      32 |   0.0 |       0 |      11 |   0.0 |   220
           D:3 |       0 |       4 |   0.0 |       0 |       2 |   0.0 |    20
           D:4 |       0 |       2 |   0.0 |       0 |       1 |   0.0 |    14
           D:5 |       0 |     187 |   0.0 |       0 |       3 |   0.0 |   125
               +---------+---------+-------+---------+---------+-------+---------

Table legend:
 A = Turns spent in this place as a percentage of turns spent in the entire game.
 B = Non-inter-level travel turns spent in this place as a percentage of non-inter-level travel turns spent in the entire game.
 C = Inter-level travel turns spent in this place as a percentage of turns spent in this place.
 D = Turns resting spent in this place as a percentage of non-inter-level travel turns spent in this place.
 E = Turns spent auto-exploring this place as a percentage of non-inter-level travel turns spent in this place.
 F = Non-inter-level travel turns spent in this place divided by the number of levels of this place that you've seen.
                   A       B       C       D       E      F
               +-------+-------+-------+-------+-------+----------------------
         Total | 100.0 | 100.0 |   0.0 |   0.0 |   0.0 |  80.3
       Dungeon | 100.0 | 100.0 |   0.0 |   0.0 |   0.0 |  80.3
               +-------+-------+-------+-------+-------+----------------------

Table legend:
 A = Kills in this place as a percentage of kills in entire the game.
 B = Kills by you in this place as a percentage of kills by you in the entire game.
 C = Kills by friends in this place as a percentage of kills by friends in the entire game.
 D = Other kills in this place as a percentage of other kills in the entire game.
 E = Experience gained in this place as a percentage of experience gained in the entire game.
 F = Experience gained in this place divided by the number of levels of this place that you have seen.
                   A       B       C       D       E      F
               +-------+-------+-------+-------+-------+----------------------
         Total | 100.0 | 100.0 |   N/A |   N/A | 100.0 |  38.8
       Dungeon | 100.0 | 100.0 |   N/A |   N/A | 100.0 |  38.8
               +-------+-------+-------+-------+-------+----------------------

Vault maps used:
D:1:      minmay_arrival_four_houses, grunt_decor_arrowhead
D:2:      okawaru_trees_2, uniq_jessica
D:3:      minmay_statues_item, nicolae_tso_carved_into_rock, uniq_robin,
          uniq_crazy_yiuf_cottage
D:4:      grunt_gozag_statues
D:5:      wad_pebble_path, cheibrodos_worm_habitat,
          minmay_temple_entry_from_below_b, first_bread
D:6:      fedhas_bush_and_centaur_altar, uniq_eustachio, uniq_pikel
